 Dungeon Crawl Stone Soup version 0.29-a0-330-g52719c12eb (webtiles) character file.

Game seed: 7670725524164251486

522 jmlagarto the Covert (level 7, -8/33 HPs)
             Began as a Felid Delver on Apr 15, 2022.
             Was a Priest of Dithmenos.
             Mangled by a gnoll
             ... wielding a +0 halberd
              (11 damage)
             ... on level 6 of the Dungeon.
             The game lasted 00:12:10 (6880 turns).

jmlagarto the Covert (Felid Delver)                 Turns: 6880, Time: 00:12:11

Health: -8/33      AC:  2    Str:  8    XL:     7   Next: 1%
Magic:  8/8        EV: 22    Int: 11    God:    Dithmenos [***...]
Gold:   152        SH:  0    Dex: 20    Spells: 6/6 levels left
                                        Lives:  0   Deaths: 2

rFire   + . .      SeeInvis +     - Unarmed
rCold   x . .      Faith    .   (shield unavailable)
rNeg    . . .      Spirit   .   (body armour unavailable)
rPois   +          Reflect  .   (helmet unavailable)
rElec   .          Harm     .   (cloak unavailable)
rCorr   .          Rampage  .   (gloves unavailable)
Will    +....                   (boots unavailable)
Stlth   ++++++....              (no amulet)
HPRegen 0.11/turn               n - ring of poison resistance
MPRegen 0.11/turn               r - ring of fire

@: wreathed by umbra, quick
A: very small, claws 1, fangs 3, see invisible, speed 1, shaggy fur 2, stealthy
paws, no weapons or thrown items, no armour, multi-lived
a: Renounce Religion, Shadow Step


You were on level 6 of the Dungeon.
You worshipped Dithmenos.
Dithmenos was most pleased with you.
You visited 1 branch of the dungeon, and saw 6 of its levels.

You collected 356 gold pieces.
You spent 204 gold pieces at shops.

Inventory:

Jewellery
 n - a ring of poison resistance (left paw)
 r - a ring of fire (right paw)
 x - a ring of positive energy
Wands
 e - a wand of digging (3)
 f - a wand of iceblast (19) (quivered)
Scrolls
 a - 4 scrolls of fog
 b - a scroll of magic mapping
 c - a scroll of fear
 g - a scroll of acquirement {unknown}
 h - 4 scrolls of identify
 j - 2 scrolls of immolation
 k - 2 scrolls of teleportation
 l - a scroll of silence
 p - a scroll of enchant armour {unknown}
 q - a scroll of blinking {unknown}
Potions
 d - a potion of haste
 i - a potion of mutation
 m - 3 potions of attraction
 o - a potion of degeneration {unknown}
 s - 2 potions of might {unknown}
 t - a potion of curing {unknown}
 u - a potion of heal wounds
 v - a potion of invisibility
 w - 2 potions of lignification {unknown}


   Skills:
 + Level 5.6 Fighting
 + Level 6.8 Dodging
 + Level 9.5 Stealth
 + Level 5.1 Unarmed Combat
 + Level 4.9 Evocations


You had 6 spell levels left.
You didn't know any spells.
Your spell library contained the following spells:

 Spells                   Type           Power      Damage    Failure   Level
 Malign Gateway           Summ/Tloc      0%         N/A       100%        7
 Summon Horrible Things   Summ           0%         N/A       100%        8


Dungeon Overview and Level Annotations

Branches:
Dungeon (6/15)
 Temple: D:4-7

Altars:
Dithmenos

Shops:
D:2 *?![?   D:3 [

Annotations:
D:6 1 runed translucent door


Innate Abilities, Weirdness & Mutations

You have sharp claws.
You have razor-sharp teeth.
You have supernaturally acute eyesight. (SInv)
You cover ground quickly. (Speed+)
You are covered in thick fur. (AC +2)
Your paws help you pounce on unaware monsters.
You are incapable of wielding weapons or throwing items.
You cannot wear armour.
You gain extra lives every three experience levels.


Message History

Something shouts, "Scamper away, thou droning saucy boar-pig!"
You hear a shout!
Welcome back to level 7!
A gnoll is nearby!
The gnoll closely misses you. The gnoll misses you.
The gnoll barely misses you.
Found 13 gold pieces.
You scratch the gnoll.
The gnoll is moderately wounded.
You closely miss the gnoll.
The gnoll is moderately wounded.
The gnoll hits you from afar with a +0 spear.
The gnoll misses you.
You barely miss the gnoll.
The gnoll is moderately wounded.
The gnoll completely misses you. The gnoll completely misses you.
The gnoll hits you with a +0 spear!
You scratch the gnoll but do no damage. The gnoll hits you with a +0 club.
The gnoll closely misses you.
You claw the gnoll!
The gnoll is heavily wounded.
The gnoll misses you. x2
The gnoll closely misses you.
The gnoll hits you from afar with a +0 spear.
The gnoll completely misses you. The gnoll barely misses you.
The gnoll closely misses you.
Found a mace.
Found a runed translucent door.
You claw the gnoll!
The gnoll is almost dead.
The gnoll hits you from afar with a +0 halberd.
* * * LOW HITPOINT WARNING * * *
The gnoll hits you with a +0 club.
* * * LOW HITPOINT WARNING * * *
You scratch the gnoll.
You kill the gnoll!
Dithmenos accepts your kill.
The gnoll hits you from afar with a +0 halberd!
You die...

#.......###..$#
..#
#.....#.#.g.###
..#
#.............#
#..
#...###g...####
.⌠. #...#
##..## #...#
♣..g.♣ #...#
♣.♣g♣♣ #...#
♣♣)♣♣ #...#
♣@♣♣ #...# ♣♣.♣
#...# .♣ #...#
♣. #...# +# ..
.# )#


You could see 2 gnolls.

Vanquished Creatures
  A wyvern (D:4)
  A water moccasin (D:6)
  A black bear (D:4)
  An ogre (D:5)
  A centaur (D:5)
  A phantom (D:5)
  A bullfrog (D:6)
  A kobold brigand (D:6)
  4 scorpions
  A howler monkey (D:6)
  The ghost of Flugslaktarn the Firebug, a weakling HuFE (D:3)
  2 orc priests
  4 iguanas
  4 orc wizards
  Ijyb (D:5)
  A gnoll (D:6)
  5 adders
  3 hound simulacra (D:3)
  3 white imps
  2 ufetubi
  2 adder simulacra (D:3)
  3 dart slugs
  19 orcs
  7 endoplasms
  A giant cockroach (D:1)
  5 goblins
  5 hobgoblins
  10 kobolds
  2 quokkas (D:5)
  2 ball pythons (D:1)
  2 bats (D:1)
  10 frilled lizards
  4 rats
111 creatures vanquished.

Vanquished Creatures (others)
  8 plants (D:1)
8 creatures vanquished.

Grand Total: 119 creatures vanquished

Notes
Turn   | Place    | Note
-------+----------+-------------------------------------------
     0 | D:5      | jmlagarto the Felid Delver began the quest for the Orb.
     0 | D:5      | Reached XP level 1. HP: 10/10 MP: 2/2
    13 | D:4      | Noticed a scorpion
    39 | D:3      | Identified the +5 scale mail "Difiept" {rC+++ Will- Dex+4}
    55 | D:3      | Noticed an orc wizard
   166 | D:2      | Found Zioz's Magic Scroll Boutique.
   184 | D:2      | Found Loann's Armour Shop.
   217 | D:2      | Found a faded altar of an unknown god.
   478 | D:1      | Reached XP level 2. HP: 9/14 MP: 3/3
  1135 | D:1      | Reached skill level 1 in Evocations
  1494 | D:2      | Found Lioveuhu's Magic Scroll Boutique.
  1499 | D:2      | Reached XP level 3. HP: 17/17 MP: 4/4
  1525 | D:2      | Bought a scroll of identify for 24 gold pieces
  1525 | D:2      | Bought a scroll of identify for 24 gold pieces
  1525 | D:2      | Bought a scroll of noise for 12 gold pieces
  1525 | D:2      | Bought a scroll of identify for 24 gold pieces
  1525 | D:2      | Bought a scroll of identify for 24 gold pieces
  1525 | D:2      | Bought a scroll of teleportation for 36 gold pieces
  1545 | D:2      | Found Ydarimn's Assorted Antiques.
  1587 | D:2      | Found Bakkil's Distillery.
  1593 | D:2      | Bought a potion of heal wounds for 60 gold pieces
  1715 | D:2      | Prayed at the altar of an unknown god.
  1715 | D:2      | Became a worshipper of Dithmenos the Shadowed
  1715 | D:2      | Reached * piety under Dithmenos
  1782 | D:3      | Reached skill level 7 in Stealth
  2145 | D:3      | Reached XP level 4. HP: 21/21 MP: 5/5
  2153 | D:3      | HP: 1/21 [orc wizard/magic dart (10)]
  2489 | D:3      | Found a runed translucent gate.
  2489 | D:3      | Found a runed translucent gate.
  2532 | D:3      | Found Ampet's Armour Shop.
  2600 | D:3      | Found a runed translucent gate.
  2667 | D:3      | Noticed Flugslaktarn's ghost (weakling HuFE)
  2850 | D:3      | Killed Flugslaktarn's ghost
  2851 | D:3      | Reached XP level 5. HP: 10/25 MP: 6/6
  3136 | D:4      | Noticed a black bear
  3139 | D:4      | Reached ** piety under Dithmenos
  3145 | D:4      | Killed a black bear
  3146 | D:4      | Gained mutation: You are covered in thick fur. (AC +2)
                  | [Felid growth]
  3146 | D:4      | Reached XP level 6. HP: 28/28 MP: 7/7
  3609 | D:4      | Noticed a wyvern
  3882 | D:4      | Reached skill level 8 in Stealth
  4175 | D:4      | Killed a wyvern
  4176 | D:4      | Reached skill level 5 in Dodging
  4176 | D:4      | Reached XP level 7. HP: 8/33 MP: 8/8
  4696 | D:5      | Noticed Ijyb
  5177 | D:5      | Killed Ijyb
  5178 | D:5      | Reached skill level 5 in Fighting
  5548 | D:5      | Reached *** piety under Dithmenos
  5561 | D:5      | Reached XP level 8. HP: 29/37 MP: 9/9
  5860 | D:5      | Reached skill level 9 in Stealth
  6780 | D:5      | Slain by a vampire mosquito
  6781 | D:5      | Reached XP level 7. HP: -5/33 MP: 8/8
  6816 | D:6      | Slain by a hound
  6817 | D:6      | Reached XP level 6. HP: 0/30 MP: 7/7
  6819 | D:6      | Noticed a water moccasin
  6827 | D:6      | Reached skill level 5 in Unarmed Combat
  6850 | D:6      | Killed a water moccasin
  6851 | D:6      | Reached XP level 7. HP: 29/33 MP: 8/8
  6877 | D:6      | Found a runed translucent door.
  6880 | D:6      | Mangled by a gnoll

Illustrated notes

Levels and vault maps discovered:
D:1:      co_arrival_square_in_a_square_in_a_square, layout_basic,
          minmay_lizard_king
D:2:      layout_rooms, serial_shops, nicolae_shop_hallway_plus,
          nicolae_shop_trees, shop_coins, shop_fountains,
          nicolae_shop_hallway_plus, ebering_ecumenical_altar_abandoned
D:3:      layout_loops_ring, serial_shops, nicolae_shop_behind_doors,
          gammafunk_ghost_icy
D:4:      layout_gridville, minmay_misc_feat_five
D:5:      layout_basic, uniq_ijyb
D:6:      layout_basic, minmay_temple_entry_junction,
          kennysheep_generic_room_16, uniq_eustachio, uniq_crazy_yiuf_cottage,
          uniq_maggie

Skill      XL: |  1  2  3  4  5  6  7  8 |
---------------+-------------------------+-----
Dodging        | 3 4 5 6 |  6.8
Evocations     | 1 2 3 4 |  4.9
Stealth        | 7 8 9 |  9.5
Unarmed Combat | 3 5 4 |  5.1
Fighting       | 4 5 |  5.6

Action                   |  1- 3 |  4- 6 |  7- 9 || total
-------------------------+-------+-------+-------++-------
Melee: Unarmed           |    94 |   131 |   180 ||   405
       Bite              |    11 |    12 |    22 ||    45
       Punch             |     3 |     1 |     8 ||    12
Evoke: Wand              |       |     2 |       ||     2
  Use: Scroll            |     5 |     2 |       ||     7
       Potion            |       |     5 |       ||     5
 Stab: Sleeping          |     6 |    16 |    11 ||    33
       Distracted        |     1 |       |       ||     1
Armor: Skin              |     5 |     2 |     8 ||    15
Dodge: Dodged            |    61 |   103 |   160 ||   324

Table legend: (Time is in decaauts)
 A = Elapsed time spent in this place.
 B = Non-inter-level travel time spent in this place.
 C = Inter-level travel time spent in this place.
 D = Time resting spent in this place.
 E = Time spent auto-exploring this place.
 F = Levels seen in this place.
 G = Mean time per level.
                   A        B        C        D        E       F      G
               +--------+--------+--------+--------+--------+-----+--------+
         Total |   6270 |   6179 |     91 |   1335 |   3695 |   6 | 1045.0 |
       Dungeon |   6270 |   6179 |     91 |   1335 |   3695 |   6 | 1045.0 |
               +--------+--------+--------+--------+--------+-----+--------+

Top non-repeatable levels by time:
     D:4: 1609 daAuts
     D:3: 1375 daAuts
     D:5: 1250 daAuts
     D:1: 1049 daAuts
     D:6: 648 daAuts
     D:2: 338 daAuts
